cohdb
Replays
Latest Replays
All Replays
Popular Replays
Top Player Replays
Match Explorer
How It Works
Community
CoH3 Stats
Reddit
Sign in to upload your games and track your stats! →
Sign in with Steam
Match 41537772
Unlisted
Match 41537772
Overview
Messages
Build Orders
End
Kradschützen Motorcycle Team
Panzergrenadier Squad
Selects Italian Infantry
250 Light Carrier
Panzergrenadier Squad
Construct Light Support Kompanie
Fire Support Elements
Flakvierling Half-track
Selects Guastatori Squad
2.5-tonne Medical Truck
Guastatori Squad
le.IG 18 Support Gun Team
Selects Registered Artillery
Guastatori Squad
Construct Panzerarmee Kommand
Tungsten Core Ammunition
Panzer III L Medium Tank
Selects Defensive Operations
Selects Prepared Positions
Armored Reserves
Vehicle Survival Package
Walking Stuka Rocket Launcher
Selects Obice 305mm Barrage
Pak 38 Anti-tank Gun Team
Obice 305mm Barrage
Obice 305mm Barrage
Panzer IV Assault Group
✠Kaiser✠ tushkan
Fatal Thoughts
Hydra7-1
2nd "PrabowoTower" Pz.Div
0
0
Comments
sign in to comment!
No comments posted yet!